 Dungeon Crawl Stone Soup version 0.26-a0-651-gb41185065b (webtiles) character file.

Game seed: 12802356538939535404

150 Ozzies the Skirmisher (level 5, 0/35 HPs)
             Began as a Gargoyle Fighter on Oct 7, 2020.
             Killed from afar by an orc wizard (13 damage)
             ... with a puff of flame
             ... on level 3 of the Dungeon.
             The game lasted 00:02:41 (2268 turns).

Ozzies the Skirmisher (Gargoyle Fighter)            Turns: 2268, Time: 00:02:41

Health: 0/35       AC: 13    Str: 21    XL:     5   Next: 32%
Magic:  5/5        EV:  5    Int:  8    God:
Gold:   103        SH: 14    Dex:  9    Spells: 4/4 levels left

rFire    . . .     SeeInvis .   o - +1 mace (holy)
rCold    . . .     Faith    .   c - +0 kite shield
rNeg     + . .     Spirit   .   t - +0 chain mail
rPois    ∞         Reflect  +   (no helmet)
rElec    +         Harm     .   (no cloak)
rCorr    .         Rampage  .   (no gloves)
MR       .....                  (no boots)
Stlth    ..........             e - amulet of reflection
HPRegen  0.11/turn              (no ring)
MPRegen  0.09/turn              (no ring)

@: no status effects
A: negative energy resistance 1, electricity resistance, unbreathing,
petrification resistance, rot immunity, AC +4
a: no special abilities


You were on level 3 of the Dungeon.
You visited 1 branch of the dungeon, and saw 3 of its levels.

You collected 103 gold pieces.

Inventory:

Hand Weapons
 a - a +0 flail
 o - a +1 mace of holy wrath (weapon)
Missiles
 h - 107 stones (quivered)
 m - 32 sling bullets
Armour
 b - a +0 scale mail
 c - a +0 kite shield (worn)
 t - a +0 chain mail (worn)
Jewellery
 e - an amulet of reflection (around neck)
 n - a +6 ring of dexterity {unknown}
 p - an uncursed ring of flight {unknown}
 s - an uncursed ring of magical power {unknown}
Scrolls
 g - 3 scrolls of remove curse {unknown}
 j - 3 scrolls of teleportation {unknown}
 l - 2 scrolls of identify {unknown}
Potions
 d - a potion of might {@q3 !q}
 f - a potion of flight {unknown}
 i - 2 potions of curing {unknown}
 k - a potion of brilliance {unknown}
 q - 2 potions of haste {unknown}
 r - a potion of ambrosia {unknown}


   Skills:
 * Level 5.5 Fighting
 + Level 2.4 Maces & Flails
 + Level 3.6 Armour
 + Level 0.9 Dodging
 + Level 3.6 Shields


You had 4 spell levels left.
You didn't know any spells.
Your spell library contained the following spells:

 Spells                   Type           Power        Failure   Level
 Corona                   Hex            #......      100%        1
 Ensorcelled Hibernation  Hex/Ice        #.....       100%        2
 Confusing Touch          Hex            #.......     100%        3
 Dazzling Flash           Conj/Hex       #.....       100%        3
 Tukima's Dance           Hex            #.......     100%        3


Dungeon Overview and Level Annotations

Branches:
Dungeon (3/15)

Altars:


Innate Abilities, Weirdness & Mutations

You are resistant to torment.
Your stone body is resilient. (AC +4)
You are immune to poison.
You resist negative energy. (rN+)
You are resistant to electric shocks. (rElec)
You can survive without breathing.
You are immune to petrification.
You are immune to rotting.


Message History

You hit the jackal zombie.
The jackal zombie convulses.
The jackal zombie is severely damaged.
You block the jackal zombie's attack.
You sock the jackal zombie!
You destroy the jackal zombie!
No target in view!
No target in view!
No target in view!
No target in view!
No target in view!
No target in view!
No target in view!
No target in view!
An orc comes into view.
It is wielding a +2 flail of holy wrath.
The orc shouts!
Found 22 stones.
An orc is nearby!
An orc is nearby!
An orc is nearby!
An orc is nearby!
An orc comes into view.
The orc shouts!
You block the orc's attack.
An orc comes into view. It is wielding a +0 club.
The orc shouts!
You hit the orc but do no damage. You sock the orc!
You kill the orc!
The orc hits you but does no damage.
You hit the orc but do no damage. You block the orc's attack.
You closely miss the orc.
An orc wizard comes into view. It is wielding a +0 dagger.
You block the orc's attack.
You hit the orc but do no damage. You block the orc's attack.
You closely miss the orc. The orc hits you but does no damage.
You closely miss the orc.
You hit the orc wizard but do no damage.
You block the orc wizard's attack.
You closely miss the orc wizard. You block the orc wizard's attack.
You hit the orc wizard.
The orc wizard is lightly wounded.
You block the orc wizard's attack.
The orc wizard points at you and mumbles some strange words.
The magic dart hits you.
You closely miss the orc wizard.
The orc wizard is lightly wounded.
The orc wizard hits you but does no damage.
You barely miss the orc wizard.
The orc wizard is lightly wounded.
The orc wizard hits you but does no damage.
You completely miss the orc wizard.
The orc wizard is lightly wounded.
The orc wizard gestures wildly while chanting.
The orc wizard flickers and vanishes!
Deactivating autopickup; reactivate with Ctrl-A.
Something hits you but does no damage.
You closely miss something. Something hits you but does no damage.
You miss something. Something hits you but does no damage.
You miss something.
You hear some strange, mumbled words.
A magic dart appears from out of thin air!
The magic dart hits you. Something hits you but does no damage.
You miss something. Something hits you.
You closely miss something. Something hits you but does no damage.
You hit something but do no damage. Something hits you but does no damage.
You barely miss something.
You hear some strange, mumbled words.
A puff of flame appears from out of thin air!
The puff of flame hits you!
You hear some strange, mumbled words.
A puff of flame appears from out of thin air!
The puff of flame hits you!
You are too injured to fight recklessly!
You are too injured to fight recklessly!
You are too injured to fight recklessly!
You are too injured to fight recklessly!
You are too injured to fight recklessly!
You are too injured to fight recklessly!
You are too injured to fight recklessly!
You are too injured to fight recklessly!
You are too injured to fight recklessly!
You are too injured to fight recklessly!
You are too injured to fight recklessly!
You are too injured to fight recklessly!
You are too injured to fight recklessly!
You are too injured to fight recklessly!
You are too injured to fight recklessly!
You are too injured to fight recklessly!
You are too injured to fight recklessly!
You are too injured to fight recklessly!
You are too injured to fight recklessly!
You are too injured to fight recklessly!
You are too injured to fight recklessly!
You are too injured to fight recklessly!
You barely miss something. Something hits you but does no damage.
You sock something! Something hits you but does no damage.
You hear some strange, mumbled words.
A puff of flame appears from out of thin air!
The puff of flame hits you!
You die...

#...........)..........####.
#.####################.# #.
#.# #.# #† #.# ##.####. #.#
........ #.# ##.##.#. #.#
#.##.#† #.# ########.#
.##... #.# #(..@{oo.# ###.
#.# #.######## ... #.# #.##
#### #.#### #..##
#....###.#.##
#.....#.)##.######### ####
#.......).......... .. #...
#.....#.)##.###### #.##.##
##...###......# #....#


You could see 2 orcs.

Vanquished Creatures
  An orc priest (D:3)
  5 adders
  2 worms (D:2)
  2 leopard geckos
  6 orcs (D:3)
  2 giant cockroaches (D:1)
  11 goblins
  8 hobgoblins
  3 jackals (D:3)
  4 bats
  7 frilled lizards
  A jackal zombie (D:3)
  3 kobolds
  8 rats
63 creatures vanquished.

Notes
Turn   | Place    | Note
-------+----------+-------------------------------------------
     0 | D:1      | Ozzies the Gargoyle Fighter began the quest for the Orb.
     0 | D:1      | Reached XP level 1. HP: 14/14 MP: 1/1
   114 | D:1      | Reached XP level 2. HP: 20/20 MP: 2/2
   165 | D:1      | Reached skill level 4 in Fighting
   847 | D:2      | Reached XP level 3. HP: 23/24 MP: 3/3
  1205 | D:2      | Reached skill level 5 in Fighting
  1238 | D:2      | Reached XP level 4. HP: 31/31 MP: 4/4
  1619 | D:3      | Reached XP level 5. HP: 17/35 MP: 5/5
  2268 | D:3      | Killed from afar by an orc wizard

Illustrated notes

Levels and vault maps discovered:
D:1:      dpeg_arrival_short_road, layout_basic
D:2:      layout_basic, serial_bayou_pond_e, kennysheep_minor_cross
D:3:      layout_loops_ring, ebering_ghost_sewer_d,
          minmay_misc_feat_more_columns

Skill      XL: |  1  2  3 |
---------------+----------+-----
Fighting       | 4 5 |  5.5
Maces & Flails | |  2.4
Armour         | |  3.6
Dodging        | |  0.9
Shields        | |  3.6

Action                   |  1- 3 |  4- 6 || total
-------------------------+-------+-------++-------
Melee: Flail             |   109 |       ||   109
       Mace              |    21 |   115 ||   136
Armor: Scale mail        |    45 |    32 ||    77
       Chain mail        |       |     7 ||     7
Dodge: Dodged            |    28 |    23 ||    51
Block: Kite shield       |   112 |    83 ||   195
       Reflection        |     3 |     1 ||     4

Table legend: (Time is in decaauts)
 A = Elapsed time spent in this place.
 B = Non-inter-level travel time spent in this place.
 C = Inter-level travel time spent in this place.
 D = Time resting spent in this place.
 E = Time spent auto-exploring this place.
 F = Levels seen in this place.
 G = Mean time per level.
                   A        B        C        D        E       F      G
               +--------+--------+--------+--------+--------+-----+--------+
         Total |   2359 |   2275 |     84 |    172 |   1566 |   3 |  786.3 |
       Dungeon |   2359 |   2275 |     84 |    172 |   1566 |   3 |  786.3 |
               +--------+--------+--------+--------+--------+-----+--------+

Top non-repeatable levels by time:
     D:1: 799 daAuts
     D:3: 784 daAuts
     D:2: 774 daAuts
